Map: Vigília Leste LE

Players

LeiTO

  • Race: Protoss Protoss
  • League: Bronze
  • Spawn Location: 1:00

IagoAbreu - Winner!

  • Race: Zerg Zerg
  • League: Silver
  • Spawn Location: 7:00

VOD

Have the link to the VOD?

Description

Time

  • Played on: March 9, 2018, 11:49 a.m.
  • Length: 5:14
Show
View Real Time Build Order
Export as new Build Order

LeiTO Protoss 

Build Orders:  

Get SALT Encoding   

    4:34  Probe (Chrono Boost)  
  1  4:45  Probe (Chrono Boost)  
  2  4:50  Probe (Chrono Boost)  
  3  5:00  Probe  
  3  5:02  Pylon  
Show
View Real Time Build Order
Export as new Build Order

IagoAbreu Zerg - Winner!

Build Orders: Pool Only 

Get SALT Encoding   

  12  0:19  Spawning Pool  
  11  0:23  Drone  
  11  0:27  Drone  
  13  0:36  Overlord  
  13  0:45  Extractor  
  13  0:47  Overlord  
  12  0:53  Drone  
  13  0:57  Drone  
  14  1:09  Queen  
  16  1:15  Drone  
  17  1:22  Zergling x2  
  18  1:27  Extractor  
  18  1:29  Drone  
  18  1:41  Zergling x2  
  19  1:52  Metabolic Boost  
  19  1:57  Drone  
  20  2:02  Zergling x2  
  21  2:12  Drone  
  22  2:20  Zergling x4  
  22  2:21  Zergling x2  
  25  2:31  Evolution Chamber  
  24  2:43  Zergling x4  
  26  2:53  Zergling x4  
  26  2:54  Zergling x4  
  30  2:59  Zerg Melee Weapons Level 1  
  30  3:03  Burrow  
  30  3:30  Overlord x3  
  30  4:52  Zergling x10  
Tags
 
Add a new tag
Caveats
  • Supply blocks, unpowered buildings, or Contaminate may cause inaccurate times.
  • Supply counts are checked every 10 seconds.